 Dungeon Crawl Stone Soup version 0.30-a0-964-gd452b5e7fa (webtiles) character file.

Game seed: 9366901745620742420

91 vishdafish the Conjurer (level 4, -6/30 HPs)
             Began as a Demonspawn Conjurer on Mar 30, 2023.
             Mangled by a black bear (12 damage)
             ... on level 4 of the Dungeon.
             The game lasted 00:02:59 (2178 turns).

vishdafish the Conjurer (Demonspawn Conjurer)       Turns: 2178, Time: 00:03:00

Health: -6/30      AC:  2    Str:  7    XL:     4   Next: 34%
Magic:  0/9        EV: 12    Int: 22    God:
Gold:   100        SH:  0    Dex: 11    Spells: 5/10 levels left

rFire   . . .      SeeInvis .    d - +0 dagger (pain)
rCold   . . .      Faith    .    (no shield)
rNeg    . . .      Spirit   .    a - +0 robe
rPois   .          Reflect  .    (no helmet)
rElec   .          Rampage  .    (cloak unavailable)
rCorr   .                        (no gloves)
Will    .....                    (no boots)
Stlth   ++                       (no amulet)
HPRegen 0.25/turn                (no ring)
MPRegen 0.11/turn                (no ring)

@: no status effects
A: weakness stinger 3
a: no special abilities


You were on level 4 of the Dungeon.
You visited 1 branch of the dungeon, and saw 4 of its levels.

You collected 100 gold pieces.

Inventory:

Hand Weapons
 d - a +0 dagger of pain (weapon)
Armour
 a - a +0 robe (worn)
Scrolls
 b - a scroll of identify
 e - a scroll of immolation {unknown}
 f - 2 scrolls of vulnerability {unknown}
 g - a scroll of poison {unknown}
 h - a scroll of magic mapping {unknown}
 i - a scroll of brand weapon {unknown}
 k - 3 scrolls of noise {unknown}
 l - a scroll of teleportation {unknown}
 m - 2 scrolls of torment {unknown}
 o - a scroll of butterflies {unknown}
Potions
 c - a potion of magic
 j - 2 potions of might
 n - a potion of brilliance


   Skills:
 - Level 1.7 Dodging
 - Level 1.7 Stealth
 + Level 3.9 Spellcasting
 - Level 4.5 Conjurations
 + Level 0.0 Air Magic


You had 5 spell levels left.
You knew the following spells:

 Your Spells              Type           Power      Damage    Failure   Level
a - Magic Dart            Conj           96%        1d7       1%          1
b - Airstrike             Air            2%         2d(1-17)  75%         4

Your spell library contained the following spells:

 Spells                   Type           Power      Damage    Failure   Level
 Searing Ray              Conj           48%        2d6       2%          2
 Shock                    Conj/Air       56%        1d6       4%          1
 Summon Small Mammal      Summ           16%        N/A       12%         1
 Dazzling Flash           Conj/Hex       28%        N/A       14%         3
 Call Canine Familiar     Summ           4%         N/A       34%         3
 Summon Guardian Golem    Hex/Summ       4%         N/A       34%         3
 Swiftness                Air            4%         N/A       34%         3
 Tukima's Dance           Hex            4%         N/A       34%         3
 Fulminant Prism          Conj/Hex       7%         3d7       41%         4
 Iskenderun's Mystic Bla  Conj/Tloc      14%        2d5       41%         4
 Passage of Golubria      Tloc           4%         N/A       75%         4
 Yara's Violent Unravell  Hex/Tmut       2%         3d3       97%         5


Dungeon Overview and Level Annotations

Branches:
Dungeon (4/15)
 Temple: D:4-7

Altars:

Annotations:
D:3 2 transporters


Innate Abilities, Weirdness & Mutations

You have a sharp stinger which inflicts weakening toxins.


Message History

You shout for attention!
What are your orders? t - Shout!
Orders for allies: a - Attack new target. r - Retreat! s - Stop attacking. g - Guard the area. f - Follow me.
Anything else - Cancel.
Okay, then.
The magic dart hits the black bear.
The black bear is lightly wounded.
The magic dart hits the black bear.
The black bear is lightly wounded.
The magic dart hits the black bear!
The black bear is heavily wounded.
The magic dart hits the black bear.
The black bear is heavily wounded.
The magic dart hits the black bear.
The black bear is severely wounded.
The magic dart hits the black bear but does no damage.
The black bear is severely wounded.
The magic dart hits the black bear.
The black bear is severely wounded.
The black bear goes berserk!
The magic dart hits the black bear.
The black bear is almost dead.
The black bear bites you.
The black bear claws you but does no damage.
The black bear claws you.
The magic dart hits the black bear but does no damage.
The black bear is almost dead.
The black bear bites you! The black bear claws you. x2
* * * LOW HITPOINT WARNING * * *
The black bear bites you!
You die...

....
#.##
#..#
##.#
#.#
#.#
#.#
#h#
#@#
#.#
###.#
#...#
#.###
#<#
#.#
#.#
#..


You could see a black bear (berserk).

Vanquished Creatures
  An orc wizard (D:3)
  An adder (D:3)
  A worm (D:2)
  3 orcs (D:3)
  4 ball pythons
  3 bats (D:2)
  4 endoplasms
  8 goblins
  5 hobgoblins
  7 kobolds
  A quokka (D:1)
  A frilled lizard (D:2)
  4 rats
43 creatures vanquished.

Notes
Turn   | Place    | Note
-------+----------+-------------------------------------------
     0 | D:1      | vishdafish the Demonspawn Conjurer began the quest for the
                  | Orb.
     0 | D:1      | Reached XP level 1. HP: 13/13 MP: 3/3
   241 | D:1      | Gained mutation: You have a small tail. [demonic ancestry]
   241 | D:1      | Reached XP level 2. HP: 19/19 MP: 1/5
  1151 | D:2      | Gained mutation: You have a tail ending in a sharp stinger.
                  | [demonic ancestry]
  1151 | D:2      | Reached XP level 3. HP: 24/24 MP: 5/7
  1827 | D:3      | Gained mutation: You have a sharp stinger which inflicts
                  | weakening toxins. [demonic ancestry]
  1827 | D:3      | Reached XP level 4. HP: 29/30 MP: 1/9
  2027 | D:3      | Found a faded altar of an unknown god.
  2096 | D:3      | Found a transporter.
  2112 | D:3      | Found a transporter.
  2133 | D:4      | Learned a level 4 spell: Airstrike
  2152 | D:4      | Noticed a black bear
  2178 | D:4      | Mangled by a black bear

Illustrated notes

Levels and vault maps discovered:
D:1:      dpeg_arrival_more_subterranean_lakeside_camping, layout_basic
D:2:      layout_rooms
D:3:      layout_loops_ring, gammafunk_ghost_abyssal_escape,
          shapermc_ecumenical_altar_ellora
D:4:      layout_loops_ring

Skill      XL: |  1  2  3 |
---------------+----------+-----
Spellcasting   | 3 |  3.9
Dodging        | |  1.7
Stealth        | |  1.7
Conjurations   | |  4.5

Action                     |  1- 3 |  4- 6 || total
---------------------------+-------+-------++-------
  Melee: Unarmed           |     6 |       ||     6
         Dagger            |     9 |    18 ||    27
         Tailslap          |     2 |     1 ||     3
         Punch             |     1 |       ||     1
   Cast: Magic Dart        |    69 |    13 ||    82
    Use: Potion            |     3 |       ||     3
         Scroll            |       |     2 ||     2
   Stab: Sleeping          |     1 |       ||     1
 Armour: Robe              |     4 |     1 ||     5
  Dodge: Dodged            |    25 |    10 ||    35

Table legend: (Time is in decaauts)
 A = Elapsed time spent in this place.
 B = Non-inter-level travel time spent in this place.
 C = Inter-level travel time spent in this place.
 D = Time resting spent in this place.
 E = Time spent auto-exploring this place.
 F = Levels seen in this place.
 G = Mean time per level.
                   A        B        C        D        E       F      G
               +--------+--------+--------+--------+--------+-----+--------+
         Total |   2178 |   2061 |    117 |      0 |   1768 |   4 |  544.5 |
       Dungeon |   2178 |   2061 |    117 |      0 |   1768 |   4 |  544.5 |
               +--------+--------+--------+--------+--------+-----+--------+

Top non-repeatable levels by time:
     D:1: 884 daAuts
     D:2: 874 daAuts
     D:3: 369 daAuts
     D:4: 50 daAuts
